[ AOE2 MATCH · #485551009 ]
UnrankedCelts vs Goths
[ REPLAY ANALYSIS · EXTRACTED FROM THE RECORDED GAME ]
Feudal
15:42
Castle
24:30
Imperial
39:44
| APM avg | 11.8 |
| APM peak | 30 |
| eAPM avg | 9.1 |
| Villagers / military | 80 / 67 |
Focus
⚔️ 33.3% · 🌾 66.7%
Woad Raider ×53 · Mangonel ×11 · Trade Cart ×6 · Trebuchet (Packed) ×2 · Monk ×1
Feudal
10:57
Castle
16:28
Imperial
38:53
| APM avg | 14.6 |
| APM peak | 45 |
| eAPM avg | 9.4 |
| Villagers / military | 89 / 93 |
Focus
⚔️ 30.6% · 🌾 69.4%
War Elephant ×75 · Trade Cart ×23 · Knight ×8 · Camel Scout ×6 · Bombard Cannon ×4
Feudal
16:12
Castle
29:46
Imperial
50:14
| APM avg | 22.9 |
| APM peak | 70 |
| eAPM avg | 13.9 |
| Villagers / military | 87 / 290 |
Focus
⚔️ 48.6% · 🌾 51.4%
Spearman ×75 · Militia ×70 · Huskarl ×66 · Archer ×33 · Hand Cannoneer ×13 · Petard ×10
Feudal
14:36
Castle
21:21
Imperial
42:27
| APM avg | 14.2 |
| APM peak | 30 |
| eAPM avg | 10.1 |
| Villagers / military | 103 / 193 |
Focus
⚔️ 25.5% · 🌾 74.5%
Spearman ×155 · Trade Cart ×15 · Throwing Axeman ×15 · Knight ×13 · Monk ×10
Match map
Initial resources + every placement click. Lines = walls · curves = elevation contours. ◆ gold · ⬟ stone · ● berries · ✦ relic · ◌ wall gap
Your base· Open — opponent sealed themselves in
PACOV's base· Open — opponent sealed themselves in
Amaroc's base· ✓ Closed at 29:46 · 25t walls · no gate
eMi.| TeH_SkY's base· ✓ Closed at 21:21 · 24t walls · no gate
Smoothed initial terrain · ◌ = detected wall gap · hover for details
Inputs per minute
— RancidMeerkat - - PACOV
Build order — RancidMeerkat
First 150 of 319 actions detected
| 0:03 | Create | Villager (Male) |
| 0:04 | Create | Villager (Male) |
| 0:04 | Create | Villager (Male) |
| 0:17 | Build | House |
| 0:51 | Build | House |
| 0:57 | Create | Villager (Male) |
| 2:18 | Create | Villager (Male) |
| 2:33 | Build | Palisade Wall |
| 3:06 | Create | Villager (Male) |
| 3:47 | Build | Lumber Camp |
| 4:04 | Build | Palisade Wall |
| 4:06 | Create | Villager (Male) |
| 4:07 | Create | Villager (Male) |
| 5:00 | Create | Villager (Male) |
| 5:48 | Build | Palisade Wall |
| 5:50 | Create | Villager (Male) |
| 5:51 | Create | Villager (Male) |
| 6:03 | Create | Villager (Male) |
| 6:03 | Create | Villager (Male) |
| 6:44 | Build | Palisade Wall |
| 6:46 | Create | Villager (Male) |
| 6:47 | Create | Villager (Male) |
| 7:05 | Create | Villager (Male) |
| 7:26 | Build | Palisade Wall |
| 7:50 | Build | Palisade Wall |
| 7:57 | Create | Villager (Male) |
| 7:57 | Create | Villager (Male) |
| 7:57 | Create | Villager (Male) |
| 7:57 | Create | Villager (Male) |
| 8:12 | Build | House |
| 8:15 | Build | House |
| 8:37 | Create | Villager (Male) |
| 8:38 | Create | Villager (Male) |
| 8:38 | Create | Villager (Male) |
| 9:17 | Create | Villager (Male) |
| 9:18 | Create | Villager (Male) |
| 9:18 | Create | Villager (Male) |
| 10:20 | Build | Mill |
| 11:58 | Build | Mining Camp |
| 12:12 | Create | Villager (Male) |
| 12:12 | Create | Villager (Male) |
| 13:32 | Research | Feudal Age |
| 13:51 | Create | Villager (Male) |
| 13:52 | Create | Villager (Male) |
| 13:52 | Create | Villager (Male) |
| 14:19 | Build | House |
| 14:21 | Build | House |
| 15:42 | Age | Feudal Age |
| 15:52 | Build | Gate |
| 15:58 | Build | Stone Wall |
| 16:21 | Create | Villager (Male) |
| 16:22 | Create | Villager (Male) |
| 16:22 | Create | Villager (Male) |
| 16:23 | Create | Villager (Male) |
| 16:30 | Build | Gate |
| 17:27 | Build | Stone Wall |
| 17:53 | Build | Mining Camp |
| 18:40 | Research | Stone Mining |
| 19:50 | Build | Watch Tower |
| 20:15 | Build | Market |
| 20:32 | Build | Blacksmith |
| 20:59 | Create | Villager (Male) |
| 21:07 | Build | Farm |
| 21:10 | Build | Farm |
| 21:49 | Build | Farm |
| 21:50 | Research | Castle Age |
| 22:02 | Build | Farm |
| 22:08 | Build | Farm |
| 22:39 | Research | Double-Bit Axe |
| 22:53 | Build | Mining Camp |
| 23:04 | Research | Horse Collar |
| 23:17 | Build | Farm |
| 23:23 | Build | Farm |
| 23:50 | Build | Barracks |
| 24:04 | Build | Farm |
| 24:30 | Age | Castle Age |
| 24:38 | Research | Heavy Plow |
| 25:08 | Create | Villager (Male) |
| 25:34 | Build | Siege Workshop |
| 25:41 | Research | Wheelbarrow |
| 25:54 | Build | Farm |
| 26:05 | Build | House |
| 26:08 | Build | House |
| 26:11 | Build | House |
| 26:16 | Build | House |
| 26:42 | Build | Farm |
| 26:45 | Create | Villager (Male) |
| 27:02 | Build | Outpost |
| 27:08 | Create | Villager (Male) |
| 27:19 | Create | Mangonel |
| 27:33 | Research | Town Watch |
| 27:41 | Build | Farm |
| 27:46 | Create | Villager (Male) |
| 27:46 | Create | Villager (Male) |
| 27:58 | Build | Farm |
| 28:05 | Build | Farm |
| 28:08 | Create | Villager (Male) |
| 28:42 | Build | Castle |
| 28:47 | Create | Villager (Male) |
| 29:08 | Build | Town Center |
| 29:11 | Create | Villager (Male) |
| 29:24 | Create | Mangonel |
| 29:49 | Research | Bow Saw |
| 30:02 | Create | Villager (Male) |
| 30:02 | Create | Villager (Male) |
| 30:02 | Create | Villager (Male) |
| 30:03 | Create | Villager (Male) |
| 30:26 | Research | Fletching |
| 30:55 | Build | University |
| 31:41 | Create | Trade Cart |
| 31:41 | Create | Trade Cart |
| 32:01 | Create | Villager (Male) |
| 32:01 | Create | Villager (Male) |
| 32:25 | Create | Villager (Male) |
| 32:26 | Create | Villager (Male) |
| 32:28 | Create | Villager (Male) |
| 32:28 | Create | Villager (Male) |
| 32:46 | Build | Town Center |
| 33:23 | Create | Villager (Male) |
| 33:24 | Create | Villager (Male) |
| 33:24 | Create | Villager (Male) |
| 33:36 | Research | Gold Mining |
| 33:57 | Create | Villager (Male) |
| 33:57 | Create | Villager (Male) |
| 33:57 | Create | Villager (Male) |
| 33:57 | Create | Villager (Male) |
| 34:52 | Build | Farm |
| 34:58 | Build | Farm |
| 35:03 | Build | Farm |
| 35:43 | Create | Villager (Male) |
| 35:43 | Create | Villager (Male) |
| 36:34 | Research | Imperial Age |
| 36:38 | Create | Villager (Male) |
| 36:38 | Create | Villager (Male) |
| 36:39 | Create | Villager (Male) |
| 36:39 | Create | Villager (Male) |
| 37:17 | Research | Fortified Wall (upgrade) |
| 37:55 | Research | Bodkin Arrow |
| 38:06 | Create | Trade Cart |
| 38:07 | Create | Trade Cart |
| 38:44 | Build | Outpost |
| 39:10 | Build | Stone Wall |
| 39:21 | Create | Mangonel |
| 39:22 | Create | Mangonel |
| 39:44 | Age | Imperial Age |
| 40:02 | Build | Gate |
| 40:09 | Research | Hand Cart |
| 40:14 | Research | Gold Shaft Mining |
| 40:24 | Create | Trebuchet (Packed) |
| 40:36 | Create | Villager (Male) |
Build order — PACOV
First 150 of 331 actions detected
| 0:01 | Create | Villager (Male) |
| 0:02 | Create | Villager (Male) |
| 0:02 | Create | Villager (Male) |
| 0:02 | Create | Villager (Male) |
| 0:05 | Build | House |
| 0:06 | Build | House |
| 0:07 | Build | House |
| 1:10 | Build | House |
| 1:37 | Create | Villager (Male) |
| 1:37 | Create | Villager (Male) |
| 2:58 | Create | Villager (Male) |
| 2:58 | Create | Villager (Male) |
| 2:59 | Create | Villager (Male) |
| 4:25 | Create | Villager (Male) |
| 4:26 | Create | Villager (Male) |
| 4:26 | Create | Villager (Male) |
| 4:26 | Create | Villager (Male) |
| 5:21 | Build | Mill |
| 5:57 | Create | Villager (Male) |
| 6:08 | Create | Villager (Male) |
| 6:08 | Create | Villager (Male) |
| 6:08 | Create | Villager (Male) |
| 7:41 | Create | Villager (Male) |
| 7:42 | Create | Villager (Male) |
| 7:51 | Build | Lumber Camp |
| 8:16 | Build | House |
| 8:17 | Build | House |
| 8:18 | Build | House |
| 8:53 | Research | Feudal Age |
| 9:20 | Build | Mill |
| 10:34 | Research | Loom |
| 10:35 | Create | Villager (Male) |
| 10:35 | Create | Villager (Male) |
| 10:35 | Create | Villager (Male) |
| 10:36 | Create | Villager (Male) |
| 10:38 | Create | Villager (Male) |
| 10:57 | Age | Feudal Age |
| 11:10 | Build | Market |
| 11:20 | Research | Horse Collar |
| 11:25 | Research | Double-Bit Axe |
| 11:45 | Build | Mining Camp |
| 12:59 | Build | Blacksmith |
| 13:06 | Create | Villager (Male) |
| 13:06 | Create | Villager (Male) |
| 14:02 | Research | Castle Age |
| 15:24 | Build | Farm |
| 15:26 | Build | Farm |
| 15:28 | Build | Farm |
| 15:29 | Build | Farm |
| 15:32 | Build | Farm |
| 16:28 | Age | Castle Age |
| 16:43 | Build | Castle |
| 16:58 | Build | Town Center |
| 17:03 | Create | Villager (Male) |
| 17:03 | Create | Villager (Male) |
| 17:03 | Create | Villager (Male) |
| 19:36 | Create | War Elephant |
| 19:36 | Create | War Elephant |
| 19:49 | Build | Outpost |
| 19:54 | Build | Farm |
| 19:55 | Research | Heavy Plow |
| 19:57 | Build | Farm |
| 20:00 | Build | Farm |
| 20:27 | Create | Villager (Male) |
| 20:27 | Create | Villager (Male) |
| 20:52 | Build | Farm |
| 20:56 | Create | Villager (Male) |
| 20:56 | Create | Villager (Male) |
| 20:56 | Create | Villager (Male) |
| 20:56 | Create | Villager (Male) |
| 21:25 | Build | Town Center |
| 21:41 | Build | Stone Wall |
| 21:42 | Build | Stone Wall |
| 21:43 | Build | Stone Wall |
| 21:48 | Build | Gate |
| 21:53 | Build | Stone Wall |
| 22:13 | Build | Farm |
| 22:17 | Build | Farm |
| 22:21 | Create | Villager (Male) |
| 22:21 | Create | Villager (Male) |
| 22:22 | Create | Villager (Male) |
| 22:22 | Create | Villager (Male) |
| 22:22 | Create | Villager (Male) |
| 22:45 | Build | Farm |
| 22:47 | Build | Farm |
| 22:50 | Build | Farm |
| 22:52 | Build | Farm |
| 22:53 | Build | Farm |
| 22:55 | Build | Farm |
| 22:59 | Build | Farm |
| 23:03 | Build | Farm |
| 23:10 | Build | Farm |
| 23:16 | Create | Villager (Male) |
| 23:17 | Create | Villager (Male) |
| 23:17 | Create | Villager (Male) |
| 23:55 | Build | Siege Workshop |
| 24:01 | Create | Villager (Male) |
| 24:01 | Create | Villager (Male) |
| 24:01 | Create | Villager (Male) |
| 24:02 | Create | Villager (Male) |
| 24:02 | Create | Villager (Male) |
| 24:34 | Create | Villager (Male) |
| 24:34 | Create | Villager (Male) |
| 24:34 | Create | Villager (Male) |
| 24:34 | Create | Villager (Male) |
| 24:54 | Create | Villager (Male) |
| 24:55 | Create | Villager (Male) |
| 25:07 | Build | Town Center |
| 25:19 | Create | Villager (Male) |
| 25:20 | Create | Villager (Male) |
| 25:20 | Create | Villager (Male) |
| 25:43 | Build | Farm |
| 25:50 | Build | Farm |
| 26:11 | Build | Outpost |
| 26:33 | Build | Lumber Camp |
| 26:37 | Create | Villager (Male) |
| 26:37 | Create | Villager (Male) |
| 26:38 | Create | Villager (Male) |
| 26:38 | Create | Villager (Male) |
| 26:38 | Create | Villager (Male) |
| 26:41 | Create | Villager (Male) |
| 26:41 | Create | Villager (Male) |
| 26:42 | Create | Villager (Male) |
| 26:49 | Create | Villager (Male) |
| 26:49 | Create | Villager (Male) |
| 26:50 | Create | Villager (Male) |
| 26:58 | Build | Mining Camp |
| 27:02 | Create | Villager (Male) |
| 27:02 | Create | Villager (Male) |
| 27:02 | Create | Villager (Male) |
| 27:11 | Build | Farm |
| 27:43 | Build | Castle |
| 27:59 | Build | Mining Camp |
| 28:13 | Build | Farm |
| 28:17 | Build | Farm |
| 28:50 | Build | Farm |
| 28:56 | Create | Villager (Male) |
| 28:56 | Create | Villager (Male) |
| 28:56 | Create | Villager (Male) |
| 29:14 | Research | Caravan |
| 29:35 | Build | House |
| 29:36 | Build | House |
| 29:37 | Build | House |
| 29:37 | Build | House |
| 29:42 | Build | House |
| 29:43 | Build | House |
| 29:43 | Build | House |
| 29:44 | Build | House |
| 29:53 | Build | Monastery |
| 29:58 | Build | University |
Build order — Amaroc
First 150 of 516 actions detected
| 0:31 | Build | House |
| 0:34 | Build | House |
| 0:36 | Build | House |
| 0:41 | Build | House |
| 0:51 | Create | Villager (Male) |
| 0:51 | Create | Villager (Male) |
| 0:52 | Create | Villager (Male) |
| 0:52 | Create | Villager (Male) |
| 0:52 | Create | Villager (Male) |
| 0:56 | Research | Loom |
| 0:57 | Create | Villager (Male) |
| 0:57 | Create | Villager (Male) |
| 0:57 | Create | Villager (Male) |
| 0:58 | Create | Villager (Male) |
| 0:58 | Create | Villager (Male) |
| 2:06 | Build | Palisade Wall |
| 3:03 | Build | House |
| 4:19 | Build | Palisade Wall |
| 5:24 | Create | Villager (Male) |
| 5:25 | Create | Villager (Male) |
| 5:25 | Create | Villager (Male) |
| 5:55 | Create | Villager (Male) |
| 6:46 | Create | Villager (Male) |
| 7:03 | Build | Lumber Camp |
| 7:26 | Create | Villager (Male) |
| 8:27 | Create | Villager (Male) |
| 8:27 | Create | Villager (Male) |
| 9:26 | Build | Mill |
| 9:30 | Create | Villager (Male) |
| 9:30 | Create | Villager (Male) |
| 9:44 | Create | Villager (Male) |
| 9:45 | Create | Villager (Male) |
| 10:44 | Create | Villager (Male) |
| 11:20 | Create | Villager (Male) |
| 11:20 | Create | Villager (Male) |
| 11:20 | Create | Villager (Male) |
| 12:41 | Create | Villager (Male) |
| 13:21 | Build | Barracks |
| 13:36 | Build | Farm |
| 13:37 | Build | Farm |
| 13:38 | Build | Farm |
| 13:39 | Build | Farm |
| 13:57 | Create | Villager (Male) |
| 14:01 | Research | Feudal Age |
| 14:04 | Create | Villager (Male) |
| 14:43 | Build | Mining Camp |
| 14:48 | Create | Militia |
| 14:48 | Create | Militia |
| 14:49 | Create | Militia |
| 14:50 | Create | Militia |
| 16:12 | Age | Feudal Age |
| 16:29 | Build | Barracks |
| 16:34 | Research | Man-at-Arms (upgrade) |
| 16:38 | Create | Villager (Male) |
| 16:38 | Create | Villager (Male) |
| 16:48 | Build | House |
| 16:49 | Build | House |
| 16:51 | Build | House |
| 17:12 | Create | Militia |
| 17:12 | Create | Militia |
| 17:27 | Create | Militia |
| 17:28 | Create | Militia |
| 17:32 | Build | House |
| 17:33 | Build | House |
| 17:35 | Build | House |
| 18:06 | Create | Militia |
| 18:07 | Create | Militia |
| 18:22 | Build | Farm |
| 18:23 | Build | Farm |
| 18:24 | Build | Farm |
| 18:27 | Build | Farm |
| 18:28 | Build | Farm |
| 18:40 | Research | Double-Bit Axe |
| 18:42 | Create | Villager (Male) |
| 18:42 | Create | Villager (Male) |
| 18:42 | Create | Villager (Male) |
| 18:43 | Create | Villager (Male) |
| 19:27 | Build | Farm |
| 19:28 | Build | Farm |
| 20:06 | Build | Blacksmith |
| 20:11 | Create | Militia |
| 20:12 | Create | Militia |
| 20:14 | Create | Militia |
| 20:14 | Create | Militia |
| 20:35 | Build | Mining Camp |
| 20:37 | Create | Villager (Male) |
| 20:37 | Create | Villager (Male) |
| 20:37 | Create | Villager (Male) |
| 20:50 | Build | House |
| 20:51 | Build | House |
| 21:02 | Create | Militia |
| 21:03 | Create | Militia |
| 21:33 | Create | Spearman |
| 21:33 | Create | Spearman |
| 21:36 | Create | Spearman |
| 21:36 | Create | Spearman |
| 22:07 | Build | Farm |
| 22:08 | Build | Farm |
| 22:20 | Build | Market |
| 22:24 | Create | Villager (Male) |
| 22:24 | Create | Villager (Male) |
| 22:46 | Research | Scale Mail Armor |
| 23:09 | Build | Archery Range |
| 23:18 | Build | Farm |
| 23:19 | Build | Farm |
| 23:22 | Create | Villager (Male) |
| 23:22 | Create | Villager (Male) |
| 23:53 | Build | Mill |
| 23:58 | Create | Villager (Male) |
| 23:58 | Create | Villager (Male) |
| 24:08 | Build | Archery Range |
| 24:43 | Build | Farm |
| 24:44 | Build | Farm |
| 24:45 | Build | Farm |
| 24:49 | Build | Farm |
| 25:16 | Build | Farm |
| 25:20 | Create | Villager (Male) |
| 25:31 | Create | Archer |
| 25:31 | Create | Archer |
| 25:31 | Create | Archer |
| 25:35 | Create | Archer |
| 25:36 | Create | Archer |
| 25:36 | Create | Archer |
| 25:45 | Create | Archer |
| 25:45 | Create | Archer |
| 25:46 | Create | Archer |
| 25:57 | Build | House |
| 25:58 | Build | House |
| 26:00 | Build | House |
| 26:25 | Create | Villager (Male) |
| 27:06 | Research | Castle Age |
| 27:22 | Build | Farm |
| 27:37 | Research | Fletching |
| 28:04 | Research | Horse Collar |
| 28:21 | Research | Wheelbarrow |
| 28:36 | Research | Gold Mining |
| 28:36 | Research | Stone Mining |
| 28:39 | Research | Stone Mining |
| 28:45 | Research | Stone Mining |
| 29:25 | Create | Archer |
| 29:25 | Create | Archer |
| 29:25 | Create | Archer |
| 29:46 | Age | Castle Age |
| 30:10 | Research | Long Swordsman (upgrade) |
| 30:31 | Build | Castle |
| 30:52 | Research | Squires |
| 30:53 | Create | Militia |
| 30:53 | Create | Militia |
| 30:54 | Create | Militia |
| 30:54 | Create | Militia |
Build order — eMi.| TeH_SkY
First 150 of 340 actions detected
| 0:02 | Research | Loom |
| 0:20 | Build | Palisade Wall |
| 0:27 | Create | Villager (Male) |
| 0:27 | Create | Villager (Male) |
| 0:27 | Create | Villager (Male) |
| 0:27 | Create | Villager (Male) |
| 0:28 | Create | Villager (Male) |
| 0:59 | Build | House |
| 3:51 | Build | Palisade Wall |
| 4:32 | Create | Villager (Male) |
| 4:32 | Create | Villager (Male) |
| 4:33 | Create | Villager (Male) |
| 5:07 | Create | Villager (Male) |
| 5:31 | Build | House |
| 5:35 | Build | House |
| 6:20 | Create | Villager (Male) |
| 6:20 | Create | Villager (Male) |
| 6:20 | Create | Villager (Male) |
| 6:39 | Build | Mill |
| 7:04 | Create | Villager (Male) |
| 7:04 | Create | Villager (Male) |
| 7:42 | Create | Villager (Male) |
| 7:42 | Create | Villager (Male) |
| 8:11 | Create | Villager (Male) |
| 9:02 | Create | Villager (Male) |
| 9:02 | Create | Villager (Male) |
| 9:03 | Create | Villager (Male) |
| 9:03 | Create | Villager (Male) |
| 9:03 | Create | Villager (Male) |
| 9:18 | Build | House |
| 10:27 | Create | Villager (Male) |
| 10:27 | Create | Villager (Male) |
| 10:28 | Create | Villager (Male) |
| 10:29 | Create | Villager (Male) |
| 11:29 | Build | Lumber Camp |
| 12:26 | Research | Feudal Age |
| 13:26 | Build | Barracks |
| 13:53 | Build | Farm |
| 14:12 | Build | House |
| 14:36 | Age | Feudal Age |
| 14:42 | Create | Villager (Male) |
| 14:42 | Create | Villager (Male) |
| 15:00 | Build | Mining Camp |
| 15:35 | Build | Market |
| 16:56 | Build | Blacksmith |
| 17:27 | Create | Spearman |
| 17:54 | Create | Spearman |
| 17:54 | Create | Spearman |
| 17:54 | Create | Spearman |
| 18:41 | Research | Castle Age |
| 19:14 | Build | Stone Wall |
| 20:36 | Research | Double-Bit Axe |
| 21:21 | Age | Castle Age |
| 22:19 | Build | Stone Wall |
| 22:34 | Build | Town Center |
| 22:45 | Build | Farm |
| 22:52 | Build | Farm |
| 22:59 | Create | Villager (Male) |
| 22:59 | Create | Villager (Male) |
| 22:59 | Create | Villager (Male) |
| 23:00 | Create | Villager (Male) |
| 23:00 | Create | Villager (Male) |
| 24:18 | Build | Stone Wall |
| 24:47 | Create | Villager (Male) |
| 24:47 | Create | Villager (Male) |
| 24:48 | Create | Villager (Male) |
| 25:36 | Build | House |
| 25:37 | Build | House |
| 25:38 | Build | House |
| 25:40 | Build | House |
| 26:08 | Build | Farm |
| 26:12 | Research | Gold Mining |
| 26:25 | Build | Mining Camp |
| 26:46 | Create | Villager (Male) |
| 26:47 | Create | Villager (Male) |
| 26:47 | Create | Villager (Male) |
| 26:47 | Create | Villager (Male) |
| 26:48 | Create | Villager (Male) |
| 26:49 | Create | Villager (Male) |
| 27:49 | Create | Villager (Male) |
| 27:49 | Create | Villager (Male) |
| 27:50 | Create | Villager (Male) |
| 28:00 | Build | Farm |
| 28:05 | Build | Farm |
| 28:28 | Build | Gate |
| 28:38 | Create | Villager (Male) |
| 28:38 | Create | Villager (Male) |
| 29:26 | Build | Farm |
| 29:32 | Research | Stone Mining |
| 29:39 | Create | Villager (Male) |
| 29:39 | Create | Villager (Male) |
| 29:40 | Create | Villager (Male) |
| 30:18 | Build | Town Center |
| 30:28 | Create | Villager (Male) |
| 30:30 | Create | Villager (Male) |
| 30:30 | Create | Villager (Male) |
| 30:31 | Create | Villager (Male) |
| 30:42 | Create | Villager (Male) |
| 30:43 | Create | Villager (Male) |
| 30:54 | Create | Villager (Male) |
| 31:39 | Research | Caravan |
| 31:41 | Create | Trade Cart ×5 |
| 31:54 | Create | Villager (Male) |
| 32:02 | Create | Villager (Male) |
| 32:04 | Create | Villager (Male) |
| 32:18 | Build | Farm |
| 32:23 | Build | Farm |
| 32:30 | Build | Farm |
| 32:45 | Research | Wheelbarrow |
| 33:25 | Build | Barracks |
| 33:45 | Build | Castle |
| 33:56 | Build | Stable |
| 34:02 | Research | Fletching |
| 34:24 | Create | Villager (Male) |
| 34:24 | Create | Villager (Male) |
| 34:26 | Create | Villager (Male) |
| 34:26 | Create | Villager (Male) |
| 34:28 | Create | Villager (Male) |
| 34:34 | Create | Villager (Male) |
| 34:45 | Create | Villager (Male) |
| 34:53 | Build | House |
| 34:54 | Build | House |
| 34:54 | Build | House |
| 34:54 | Build | House |
| 34:55 | Build | House |
| 34:55 | Build | House |
| 35:06 | Build | Mining Camp |
| 35:25 | Build | Farm |
| 35:36 | Build | Farm |
| 35:48 | Build | Farm |
| 35:52 | Create | Villager (Male) |
| 35:53 | Create | Villager (Male) |
| 35:54 | Create | Villager (Male) |
| 35:55 | Create | Villager (Male) |
| 36:09 | Build | Farm |
| 36:12 | Build | Farm |
| 36:14 | Build | Farm |
| 36:16 | Build | Farm |
| 36:29 | Build | Farm |
| 36:31 | Create | Villager (Male) |
| 36:31 | Create | Villager (Male) |
| 36:32 | Create | Villager (Male) |
| 36:32 | Create | Villager (Male) |
| 36:34 | Create | Villager (Male) |
| 36:35 | Create | Villager (Male) |
| 36:39 | Create | Villager (Male) |
| 36:40 | Create | Villager (Male) |
| 36:52 | Build | House |
| 36:53 | Build | House |
| 36:53 | Build | House |
Match timeline
| 0:20 | eMi.| TeH_SkY · wall_segment Palisade Wall x12 |
| 2:06 | Amaroc · wall_segment Palisade Wall x15 |
| 2:33 | RancidMeerkat · wall_segment Palisade Wall x11 |
| 3:51 | eMi.| TeH_SkY · wall_segment Palisade Wall x1 |
| 4:04 | RancidMeerkat · wall_segment Palisade Wall x10 |
| 4:19 | Amaroc · wall_segment Palisade Wall x10 |
| 5:48 | RancidMeerkat · wall_segment Palisade Wall x10 |
| 6:44 | RancidMeerkat · wall_segment Palisade Wall x13 |
| 7:26 | RancidMeerkat · wall_segment Palisade Wall x2 |
| 7:50 | RancidMeerkat · wall_segment Palisade Wall x3 |
| 10:57 | PACOV · age_up feudal |
| 13:21 | Amaroc · first_building Barracks |
| 13:26 | eMi.| TeH_SkY · first_building Barracks |
| 13:59 | PACOV · first_market_sell 100 wood |
| 14:36 | eMi.| TeH_SkY · age_up feudal |
| 15:42 | RancidMeerkat · age_up feudal |
| 15:58 | RancidMeerkat · wall_segment Stone Wall x4 |
| 16:12 | Amaroc · age_up feudal |
| 16:28 | PACOV · age_up castle |
| 16:41 | eMi.| TeH_SkY · first_market_buy 100 food |
| 16:43 | PACOV · first_building Castle |
| 17:27 | RancidMeerkat · wall_segment Stone Wall x12 |
| 19:14 | eMi.| TeH_SkY · wall_segment Stone Wall x11 |
| 21:21 | eMi.| TeH_SkY · age_up castle |
| 21:41 | PACOV · wall_segment Stone Wall x1 |
| 21:42 | PACOV · wall_segment Stone Wall x1 |
| 21:43 | PACOV · wall_segment Stone Wall x1 |
| 21:53 | PACOV · wall_segment Stone Wall x7 |
| 22:19 | eMi.| TeH_SkY · wall_segment Stone Wall x10 |
| 23:09 | Amaroc · first_building Archery Range |
| 23:50 | RancidMeerkat · first_building Barracks |
| 23:55 | PACOV · first_building Siege Workshop |
| 24:18 | eMi.| TeH_SkY · wall_segment Stone Wall x15 |
| 24:30 | RancidMeerkat · age_up castle |
| 25:34 | RancidMeerkat · first_building Siege Workshop |
| 26:46 | Amaroc · first_market_sell 100 stone |
| 26:50 | Amaroc · first_market_buy 100 food |
| 28:42 | RancidMeerkat · first_building Castle |
| 29:46 | Amaroc · age_up castle |
| 29:53 | PACOV · first_building Monastery |
| 30:31 | Amaroc · first_building Castle |
| 33:45 | eMi.| TeH_SkY · first_building Castle |
| 33:56 | eMi.| TeH_SkY · first_building Stable |
| 34:40 | RancidMeerkat · first_market_sell 100 wood |
| 35:16 | PACOV · first_building Barracks |
| 36:15 | Amaroc · first_building Siege Workshop |
| 36:38 | PACOV · first_building Stable |
| 38:22 | eMi.| TeH_SkY · first_building Siege Workshop |
| 38:53 | PACOV · age_up imperial |
| 39:10 | RancidMeerkat · wall_segment Stone Wall x6 |
| 39:44 | RancidMeerkat · age_up imperial |
| 39:59 | eMi.| TeH_SkY · first_building Monastery |
| 42:27 | eMi.| TeH_SkY · age_up imperial |
| 43:06 | RancidMeerkat · wall_segment Stone Wall x4 |
| 45:11 | RancidMeerkat · first_building Monastery |
| 45:36 | eMi.| TeH_SkY · wall_segment Stone Wall x18 |
| 45:57 | eMi.| TeH_SkY · first_market_sell 100 wood |
| 47:18 | eMi.| TeH_SkY · wall_segment Stone Wall x9 |
| 47:28 | eMi.| TeH_SkY · wall_segment Stone Wall x5 |
| 48:40 | eMi.| TeH_SkY · wall_segment Stone Wall x11 |
| 48:49 | eMi.| TeH_SkY · wall_segment Stone Wall x4 |
| 50:14 | Amaroc · age_up imperial |
| 50:15 | Amaroc · first_building Monastery |
| 50:35 | eMi.| TeH_SkY · wall_segment Stone Wall x1 |
| 52:01 | RancidMeerkat · wall_segment Stone Wall x16 |
| 54:57 | RancidMeerkat · first_building Archery Range |
| 64:16 | eMi.| TeH_SkY · resign |
[ AI ANALYSIS · 1 CREDIT ]
What really happened in this match?
Wolo.gg analyzes every decision: build order, eco, micro, common mistakes by bracket. Personalized analysis on WhatsApp or Discord in 30 seconds.
Civ guide
Celts
Perfil
RancidMeerkat